Workbook
Name aa: '[2]1993'!$A$1:$IV$3,'[2]1993'!$A$1:$A$65536
Name ad: '[3]МТР Газ України'!$B$1
Name as: '[4]МТР Газ України'!$B$1
Name asdf: [5]Inform!$E$6
Name asdfg: [5]Inform!$F$2
Name BuiltIn_Print_Area___1___1: #REF!
Name ClDate: [6]Inform!$E$6
Name ClDate_21: [7]Inform!$E$6
Name ClDate_25: [7]Inform!$E$6
Name ClDate_6: [8]Inform!$E$6
Name CompName: [6]Inform!$F$2
Name CompName_21: [7]Inform!$F$2
Name CompName_25: [7]Inform!$F$2
Name CompName_6: [8]Inform!$F$2
Name CompNameE: [6]Inform!$G$2
Name CompNameE_21: [7]Inform!$G$2
Name CompNameE_25: [7]Inform!$G$2
Name CompNameE_6: [8]Inform!$G$2
Name Cost_Category_National_ID: #REF!
Name Cе511: #REF!
Name d: '[9]МТР Газ України'!$B$4
Name dCPIb: [10]попер_роз!#REF!
Name dPPIb: [10]попер_роз!#REF!
Name ds: '[11]7 Інші витрати'!#REF!
Name Fact_Type_ID: #REF!
Name G: '[12]МТР Газ України'!$B$1
Name ij1sssss: '[13]7 Інші витрати'!#REF!
Name LastItem: [14]Лист1!$A$1
Name Load: '[15]МТР Газ України'!$B$4
Name Load_ID: '[16]МТР Газ України'!$B$4
Name Load_ID_10: '[17]7 Інші витрати'!#REF!
Name Load_ID_11: '[18]МТР Газ України'!$B$4
Name Load_ID_12: '[18]МТР Газ України'!$B$4
Name Load_ID_13: '[18]МТР Газ України'!$B$4
Name Load_ID_14: '[18]МТР Газ України'!$B$4
Name Load_ID_15: '[18]МТР Газ України'!$B$4
Name Load_ID_16: '[18]МТР Газ України'!$B$4
Name Load_ID_17: '[18]МТР Газ України'!$B$4
Name Load_ID_18: '[19]МТР Газ України'!$B$4
Name Load_ID_19: '[20]МТР Газ України'!$B$4
Name Load_ID_20: '[19]МТР Газ України'!$B$4
Name Load_ID_200: '[15]МТР Газ України'!$B$4
Name Load_ID_21: '[21]МТР Газ України'!$B$4
Name Load_ID_23: '[20]МТР Газ України'!$B$4
Name Load_ID_25: '[21]МТР Газ України'!$B$4
Name Load_ID_542: '[22]МТР Газ України'!$B$4
Name Load_ID_6: '[18]МТР Газ України'!$B$4
Name OpDate: [6]Inform!$E$5
Name OpDate_21: [7]Inform!$E$5
Name OpDate_25: [7]Inform!$E$5
Name OpDate_6: [8]Inform!$E$5
Name QR: [23]Inform!$E$5
Name qw: [5]Inform!$E$5
Name qwert: [5]Inform!$G$2
Name qwerty: '[4]МТР Газ України'!$B$4
Name ShowFil: [14]!ShowFil
Name SU_ID: #REF!
Name Time_ID: '[16]МТР Газ України'!$B$1
Name Time_ID_10: '[17]7 Інші витрати'!#REF!
Name Time_ID_11: '[18]МТР Газ України'!$B$1

Sheet Осн. фін. пок.
A1: ПОГОДЖЕНО | G1: Додаток 1
G2: до Порядку складання, затвердження
A3: Управління комунального господарства Коломийської міської ради | G3: та контролю виконання фінансового плану
A4: (найменування органу, який розглянув фінансовий план) | G4: суб'єкта господарювання державного сектору економіки
A5: Начальник А.П.Радовець | G5: (пункт 2)
A7: М.П.(посада П.І.Б., дата, підпис)
G9: ЗАТВЕРДЖЕНО
G10: Рішення міської ради
G11: від 24.06.2021 р. № 818-16/2021
G12: Міський голова Богдан Станіславський
G16: М. П. (посада, П.І.Б., дата, підпис)
I20: Рік | J20: Коди
A21: Підприємство | B21: КОМУНАЛЬНЕ ПІДПРИЄМСТВО "ЗЕЛЕНОСВІТ" | I21: за ЄДРПОУ | J21: 33932580
A22: Організаційно-правова форма | B22: комунальне підприємство | I22: за КОПФГ | J22: 150
A23: Територія | B23: м.Коломия | I23: за КОАТУУ | J23: 2610600000
A24: Орган державного управління | I24: за СПОДУ
A25: Галузь | I25: за ЗКГНГ
A26: Вид економічної діяльності | B26: комплексне обслуговування обєктів | I26: за КВЕД | J26: 81.10
A27: Одиниця виміру, тис. грн | G27: Стандарти звітності П(с)БОУ
A28: Форма власності | B28: комунальна | G28: Стандарти звітності МСФЗ
A29: Середньооблікова кількість штатних працівників | J29: 49
A30: Місцезнаходження | B30: 78200, місто Коломия, вулиця Староміська, 5а
A31: Телефон | B31: (033 34) 4-63-85
A32: Прізвище та ініціали керівника | B32: Михайлищук Василь Михайлович
A33: ФІНАНСОВИЙ ПЛАН ПІДПРИЄМСТВА НА 2021 рік
A35: Основні фінансові показники
J36: тис.грн
A37: Найменування показника | B37: Код рядка | C37: Факт минулого року | D37: Фінансовий план поточного року | E37: Прогноз на поточний рік | F37: Плановий рік | G37: Інформація згідно із стратегічним планом розвитку
G38: плановий рік +1 рік | H38: плановий рік +2 роки | I38: плановий рік +3 роки | J38: плановий рік +4 роки
A39: 1 | B39: 2 | C39: 3 | D39: 4 | E39: 5 | F39: 6 | G39: 7 | H39: 8 | I39: 9 | J39: 10
A40: І. Формування фінансових результатів
A41: Чистий дохід від реалізації продукції (товарів, робіт, послуг) | B41: 1000 | C41: ='I. Фін результат'!C7 -> 0 | D41: ='I. Фін результат'!D7 -> 0 | E41: ='I. Фін результат'!E7 -> 0 | F41: ='I. Фін результат'!F7 -> 13152 | G41: 14000 | H41: 15000 | I41: 16000 | J41: 17000
A42: Собівартість реалізованої продукції (товарів, робіт, послуг) | B42: 1010 | C42: ='I. Фін результат'!C8 -> 0 | D42: ='I. Фін результат'!D8 -> 0 | E42: ='I. Фін результат'!E8 -> 0 | F42: ='I. Фін результат'!F8 -> -13152 | G42: -13950 | H42: -14900 | I42: -15800 | J42: -16800
A43: Валовий прибуток/збиток | B43: 1020 | C43: =SUM(C41:C42) -> 0 | D43: =SUM(D41:D42) -> 0 | E43: =SUM(E41:E42) -> 0 | F43: =SUM(F41:F42) -> 0
A44: Адміністративні витрати | B44: 1030 | C44: ='I. Фін результат'!C26 -> 0 | D44: ='I. Фін результат'!D26 -> 0 | E44: ='I. Фін результат'!E26 -> 0 | F44: ='I. Фін результат'!F26 -> -2795 | G44: -2900 | H44: -3000 | I44: -3350 | J44: -3400
A45: Витрати на збут | B45: 1060 | C45: ='I. Фін результат'!C49 -> 0 | D45: ='I. Фін результат'!D49 -> 0 | E45: ='I. Фін результат'!E49 -> 0 | F45: ='I. Фін результат'!F49 -> 0
A46: Інші операційні доходи | B46: 1070 | C46: ='I. Фін результат'!C57 -> 0 | D46: ='I. Фін результат'!D57 -> 0 | E46: ='I. Фін результат'!E57 -> 0 | F46: ='I. Фін результат'!F57 -> 2900 | G46: 3000 | H46: 3200 | I46: 3400 | J46: 3500
A47: Інші операційні витрати | B47: 1080 | C47: ='I. Фін результат'!C62 -> 0 | D47: ='I. Фін результат'!D62 -> 0 | E47: ='I. Фін результат'!E62 -> 0 | F47: ='I. Фін результат'!F62 -> 0
A48: Фінансовий результат від операційної діяльності | B48: 1100 | C48: =SUM(C43:C47) -> 0 | D48: =SUM(D43:D47) -> 0 | E48: =SUM(E43:E47) -> 0 | F48: =SUM(F43:F47) -> 105 | G48: 150 | H48: 200 | I48: 250 | J48: 300
A49: EBITDA | B49: 1310 | C49: ='I. Фін результат'!C98 -> 0 | D49: ='I. Фін результат'!D98 -> 0 | E49: ='I. Фін результат'!E98 -> 0 | F49: ='I. Фін результат'!F98 -> 0
A50: Рентабельність EBITDA | B50: =' V. Коефіцієнти'!B8 -> 5010 | F50: =(F49/F41)*100 -> 0
A51: Дохід від участі в капіталі | B51: 1110 | C51: ='I. Фін результат'!C70 -> 0 | D51: ='I. Фін результат'!D70 -> 0 | E51: ='I. Фін результат'!E70 -> 0 | F51: ='I. Фін результат'!F70 -> 0
A52: Втрати від участі в капіталі | B52: 1120 | C52: ='I. Фін результат'!C71 -> ( ) | D52: ='I. Фін результат'!D71 -> ( ) | E52: ='I. Фін результат'!E71 -> ( ) | F52: ='I. Фін результат'!F71 -> 0
A53: Інші фінансові доходи | B53: 1130 | C53: ='I. Фін результат'!C72 -> 0 | D53: ='I. Фін результат'!D72 -> 0 | E53: ='I. Фін результат'!E72 -> 0 | F53: ='I. Фін результат'!F72 -> 0
A54: Фінансові витрати | B54: 1140 | C54: ='I. Фін результат'!C73 -> ( ) | D54: ='I. Фін результат'!D73 -> ( ) | E54: ='I. Фін результат'!E73 -> ( ) | F54: ='I. Фін результат'!F73 -> 0
A55: Інші доходи | B55: 1150 | C55: ='I. Фін результат'!C74 -> 0 | D55: ='I. Фін результат'!D74 -> 0 | E55: ='I. Фін результат'!E74 -> 0 | F55: ='I. Фін результат'!F74 -> 0
A56: Інші витрати | B56: 1160 | C56: ='I. Фін результат'!C77 -> 0 | D56: ='I. Фін результат'!D77 -> 0 | E56: ='I. Фін результат'!E77 -> 0 | F56: ='I. Фін результат'!F77 -> 0
A57: Фінансовий результат до оподаткування | B57: 1170 | C57: =SUM(C48, C51:C56) -> 0 | D57: =SUM(D48, D51:D56) -> 0 | E57: =SUM(E48, E51:E56) -> 0 | F57: =SUM(F48, F51:F56) -> 105 | G57: 150 | H57: 200 | I57: 250 | J57: 300
A58: Витрати з податку на прибуток | B58: 1180 | C58: ='I. Фін результат'!C81 -> ( ) | D58: ='I. Фін результат'!D81 -> ( ) | E58: ='I. Фін результат'!E81 -> ( ) | F58: ='I. Фін результат'!F81 -> 0
A59: Дохід з податку на прибуток | B59: 1181 | C59: ='I. Фін результат'!C82 -> 0 | D59: ='I. Фін результат'!D82 -> 0 | E59: ='I. Фін результат'!E82 -> 0 | F59: ='I. Фін результат'!F82 -> 0
A60: Прибуток від припиненої діяльності після оподаткування | B60: 1190 | C60: ='I. Фін результат'!C83 -> 0 | D60: ='I. Фін результат'!D83 -> 0 | E60: ='I. Фін результат'!E83 -> 0 | F60: ='I. Фін результат'!F83 -> 0
A61: Збиток від припиненої діяльності після оподаткування | B61: 1191 | C61: ='I. Фін результат'!C84 -> ( ) | D61: ='I. Фін результат'!D84 -> ( ) | E61: ='I. Фін результат'!E84 -> ( ) | F61: ='I. Фін результат'!F84 -> 0
A62: Чистий фінансовий результат | B62: 1200 | C62: =SUM(C57:C61) -> 0 | D62: =SUM(D57:D61) -> 0 | E62: =SUM(E57:E61) -> 0 | F62: =SUM(F57:F61) -> 105 | G62: =SUM(G57:G61) -> 150 | H62: =SUM(H57:H61) -> 200 | I62: =SUM(I57:I61) -> 250 | J62: =SUM(J57:J61) -> 300
A63: Прибуток | B63: 1201 | C63: ='I. Фін результат'!C86 -> 0 | D63: ='I. Фін результат'!D86 -> 0 | E63: ='I. Фін результат'!E86 -> 0 | F63: ='I. Фін результат'!F86 -> 0 | G63: =G62 -> 150 | H63: =H62 -> 200 | I63: =I62 -> 250 | J63: =J62 -> 300
A64: Збиток | B64: 1202 | C64: ='I. Фін результат'!C87 -> 0 | D64: ='I. Фін результат'!D87 -> 0 | E64: ='I. Фін результат'!E87 -> 0 | F64: ='I. Фін результат'!F87 -> 0
A65: IІ. Розрахунки з бюджетом
A66: Сплата податків та зборів до Державного бюджету України (податкові платежі), усього, у тому числі: | B66: 2110 | C66: ='ІІ. Розр. з бюджетом'!C20 -> 0 | D66: ='ІІ. Розр. з бюджетом'!D20 -> 0 | E66: ='ІІ. Розр. з бюджетом'!E20 -> 0 | F66: ='ІІ. Розр. з бюджетом'!F20 -> 2695 | G66: 2860 | H66: 3069 | I66: 3278 | J66: 3471
A67: податок на прибуток підприємств | B67: 2111 | C67: ='ІІ. Розр. з бюджетом'!C21 -> 0 | D67: ='ІІ. Розр. з бюджетом'!D21 -> 0 | E67: ='ІІ. Розр. з бюджетом'!E21 -> 0 | F67: ='ІІ. Розр. з бюджетом'!F21 -> 19 | G67: 27 | H67: 36 | I67: 45 | J67: 54
A68: податок на додану вартість, що підлягає сплаті до бюджету за підсумками звітного періоду | B68: 2112 | C68: ='ІІ. Розр. з бюджетом'!C22 -> 0 | D68: ='ІІ. Розр. з бюджетом'!D22 -> 0 | E68: ='ІІ. Розр. з бюджетом'!E22 -> 0 | F68: ='ІІ. Розр. з бюджетом'!F22 -> 2675 | G68: 2833 | H68: 3033 | I68: 3233 | J68: 3417
A69: податок на додану вартість, що підлягає відшкодуванню з бюджету за підсумками звітного періоду | B69: 2113 | C69: ='ІІ. Розр. з бюджетом'!C23 -> 0 | D69: ='ІІ. Розр. з бюджетом'!D23 -> 0 | E69: ='ІІ. Розр. з бюджетом'!E23 -> 0 | F69: ='ІІ. Розр. з бюджетом'!F23 -> 0 | G69: ( ) | H69: ( ) | I69: ( ) | J69: ( )
A70: акцизний податок | B70: 2114 | C70: ='ІІ. Розр. з бюджетом'!C24 -> 0 | D70: ='ІІ. Розр. з бюджетом'!D24 -> 0 | E70: ='ІІ. Розр. з бюджетом'!E24 -> 0 | F70: ='ІІ. Розр. з бюджетом'!F24 -> 0
A71: відрахування частини чистого прибутку державними унітарними підприємствами та їх об'єднаннями | B71: 2115 | C71: ='ІІ. Розр. з бюджетом'!C25 -> 0 | D71: ='ІІ. Розр. з бюджетом'!D25 -> 0 | E71: ='ІІ. Розр. з бюджетом'!E25 -> 0 | F71: ='ІІ. Розр. з бюджетом'!F25 -> 0
A72: рентна плата за транспортування | B72: 2116 | C72: ='ІІ. Розр. з бюджетом'!C26 -> 0 | D72: ='ІІ. Розр. з бюджетом'!D26 -> 0 | E72: ='ІІ. Розр. з бюджетом'!E26 -> 0 | F72: ='ІІ. Розр. з бюджетом'!F26 -> 0
A73: рентна плата за користування надрами | B73: 2117 | C73: ='ІІ. Розр. з бюджетом'!C27 -> 0 | D73: ='ІІ. Розр. з бюджетом'!D27 -> 0 | E73: ='ІІ. Розр. з бюджетом'!E27 -> 0 | F73: ='ІІ. Розр. з бюджетом'!F27 -> 1
A74: Сплата податків та зборів до місцевих бюджетів (податкові платежі) | B74: 2120 | C74: ='ІІ. Розр. з бюджетом'!C30 -> 0 | D74: ='ІІ. Розр. з бюджетом'!D30 -> 0 | E74: ='ІІ. Розр. з бюджетом'!E30 -> 0 | F74: ='ІІ. Розр. з бюджетом'!F30 -> 1624
A75: Інші податки, збори та платежі на користь держави, усього, у тому числі: | B75: 2130 | C75: ='ІІ. Розр. з бюджетом'!C35 -> 0 | D75: ='ІІ. Розр. з бюджетом'!D35 -> 0 | E75: ='ІІ. Розр. з бюджетом'!E35 -> 0 | F75: ='ІІ. Розр. з бюджетом'!F35 -> 0
A76: відрахування частини чистого прибутку господарськими товариствами, у статутному капіталі яких більше 50 відсотків акцій (часток, паїв) належать державі, на виплату дивідендів на державну частку | B76: 2131 | C76: ='ІІ. Розр. з бюджетом'!C36 -> 0 | D76: ='ІІ. Розр. з бюджетом'!D36 -> 0 | E76: ='ІІ. Розр. з бюджетом'!E36 -> 0 | F76: ='ІІ. Розр. з бюджетом'!F36 -> 0
A79: III. Рух грошових кошів
A80: Залишок коштів на початок періоду | B80: 3405 | C80: ='ІІІ. Рух грош. коштів'!C69 -> 0 | D80: ='ІІІ. Рух грош. коштів'!D69 -> 0 | E80: ='ІІІ. Рух грош. коштів'!E69 -> 0 | F80: ='ІІІ. Рух грош. коштів'!F69 -> 0 | G80: x | H80: x | I80: x | J80: x
A81: Цільове фінансування | B81: 3030 | C81: ='ІІІ. Рух грош. коштів'!C11 -> 0 | D81: ='ІІІ. Рух грош. коштів'!D11 -> 0 | E81: ='ІІІ. Рух грош. коштів'!E11 -> 0 | F81: ='ІІІ. Рух грош. коштів'!F11 -> 0
A82: Чистий рух коштів від операційної діяльності | B82: 3195 | C82: ='ІІІ. Рух грош. коштів'!C37 -> 0 | D82: ='ІІІ. Рух грош. коштів'!D37 -> 0 | E82: ='ІІІ. Рух грош. коштів'!E37 -> 0 | F82: ='ІІІ. Рух грош. коштів'!F37 -> 0 | G82: x | H82: x | I82: x | J82: x
A83: Чистий рух коштів від інвестиційної діяльності | B83: 3295 | C83: ='ІІІ. Рух грош. коштів'!C50 -> 0 | D83: ='ІІІ. Рух грош. коштів'!D50 -> 0 | E83: ='ІІІ. Рух грош. коштів'!E50 -> 0 | F83: ='ІІІ. Рух грош. коштів'!F50 -> 0 | G83: x | H83: x | I83: x | J83: x
A84: Чистий рух коштів від фінансової діяльності | B84: 3395 | C84: ='ІІІ. Рух грош. коштів'!C67 -> 0 | D84: ='ІІІ. Рух грош. коштів'!D67 -> 0 | E84: ='ІІІ. Рух грош. коштів'!E67 -> 0 | F84: ='ІІІ. Рух грош. коштів'!F67 -> 0 | G84: x | H84: x | I84: x | J84: x
A85: Вплив зміни валютних курсів на залишок коштів | B85: 3410 | C85: ='ІІІ. Рух грош. коштів'!C70 -> 0 | D85: ='ІІІ. Рух грош. коштів'!D70 -> 0 | E85: ='ІІІ. Рух грош. коштів'!E70 -> 0 | F85: ='ІІІ. Рух грош. коштів'!F70 -> 0 | G85: x | H85: x | I85: x | J85: x
A86: Залишок коштів на кінець періоду | B86: 3415 | C86: =SUM(C80,C82:C85) -> 0 | D86: =SUM(D80,D82:D85) -> 0 | E86: =SUM(E80,E82:E85) -> 0 | F86: =SUM(F80,F82:F85) -> 0 | G86: x | H86: x | I86: x | J86: x
A87: IV. Капітальні інвестиції
A88: Капітальні інвестиції | B88: 4000 | C88: ='IV. Кап. інвестиції'!C6 -> 0 | D88: ='IV. Кап. інвестиції'!D6 -> 0 | E88: ='IV. Кап. інвестиції'!E6 -> 0 | F88: ='IV. Кап. інвестиції'!F6 -> 150
A89: V. Коефіцієнтний аналіз
A90: Рентабельність діяльності | B90: 5040
A109: VІI. Кредитна політика
A110: Отримано залучених коштів, усього, у тому числі: | B110: 7000 | C110: =SUM(C111:C113) -> 0 | D110: =SUM(D111:D113) -> 0 | E110: =SUM(E111:E113) -> 0 | F110: =SUM(F111:F113) -> 0 | G110: =SUM(G111:G113) -> 0 | H110: =SUM(H111:H113) -> 0 | I110: =SUM(I111:I113) -> 0 | J110: =SUM(J111:J113) -> 0
A111: довгострокові зобов'язання | B111: 7001 | F111: ='6.1. Інша інфо_1'!G66 -> 0
A112: короткострокові зобов'язання | B112: 7002 | F112: ='6.1. Інша інфо_1'!G69 -> 0
A113: інші фінансові зобов'язання | B113: 7003 | F113: ='6.1. Інша інфо_1'!G72 -> 0
A114: Повернено залучених коштів, усього, у тому числі: | B114: 7010 | C114: =SUM(C115:C117) -> 0 | D114: =SUM(D115:D117) -> 0 | E114: =SUM(E115:E117) -> 0 | F114: =SUM(F115:F117) -> 0 | G114: =SUM(G115:G117) -> 0 | H114: =SUM(H115:H117) -> 0 | I114: =SUM(I115:I117) -> 0 | J114: =SUM(J115:J117) -> 0
A115: довгострокові зобов'язання | B115: 7011 | F115: ='6.1. Інша інфо_1'!J66 -> 0
A116: короткострокові зобов'язання | B116: 7012 | F116: ='6.1. Інша інфо_1'!J69 -> 0
A117: інші фінансові зобов'язання | B117: 7013 | F117: ='6.1. Інша інфо_1'!J72 -> 0
A118: VIII. Дані про персонал та витрати на оплату праці
A119: Середня кількість працівників (штатних працівників, зовнішніх сумісників та працівників, що працюють за цивільно-правовими договорами), у тому числі: | B119: 8000 | C119: =SUM(C120:C122) -> 0 | D119: =SUM(D120:D122) -> 0 | E119: =SUM(E120:E122) -> 0 | F119: =SUM(F120:F122) -> 65.25 | G119: x | H119: x | I119: x | J119: x
A120: директор | B120: 8001 | C120: ='6.1. Інша інфо_1'!D12 -> 0 | D120: ='6.1. Інша інфо_1'!F12 -> 0 | E120: ='6.1. Інша інфо_1'!H12 -> 0 | F120: ='6.1. Інша інфо_1'!J12 -> 1 | G120: x | H120: x | I120: x | J120: x
A121: адміністративно-управлінський персонал | B121: 8002 | C121: ='6.1. Інша інфо_1'!D13 -> 0 | D121: ='6.1. Інша інфо_1'!F13 -> 0 | E121: ='6.1. Інша інфо_1'!H13 -> 0 | F121: ='6.1. Інша інфо_1'!J13 -> 11.5 | G121: x | H121: x | I121: x | J121: x
A122: працівники | B122: 8003 | C122: ='6.1. Інша інфо_1'!D14 -> 0 | D122: ='6.1. Інша інфо_1'!F14 -> 0 | E122: ='6.1. Інша інфо_1'!H14 -> 0 | F122: ='6.1. Інша інфо_1'!J14 -> 52.75 | G122: x | H122: x | I122: x | J122: x
A123: Витрати на оплату праці | B123: 8010 | C123: ='I. Фін результат'!C103 -> 0 | D123: ='I. Фін результат'!D103 -> 0 | E123: ='I. Фін результат'!E103 -> 0 | F123: ='I. Фін результат'!F103 -> 9021 | G123: x | H123: x | I123: x | J123: x
A124: Середньомісячні витрати на оплату праці одного працівника (грн), усього, у тому числі: | B124: 8020 | C124: ='6.1. Інша інфо_1'!D23 -> 0 | D124: ='6.1. Інша інфо_1'!F23 -> 0 | E124: ='6.1. Інша інфо_1'!H23 -> 0 | F124: ='6.1. Інша інфо_1'!J23 -> 567 | G124: x | H124: x | I124: x | J124: x
A125: директор | B125: 8021 | C125: ='6.1. Інша інфо_1'!D24 -> 0 | D125: ='6.1. Інша інфо_1'!F24 -> 0 | E125: ='6.1. Інша інфо_1'!H24 -> 0 | F125: ='6.1. Інша інфо_1'!J24 -> 32 | G125: x | H125: x | I125: x | J125: x
A126: адміністративно-управлінський персонал | B126: 8022 | C126: ='6.1. Інша інфо_1'!D25 -> 0 | D126: ='6.1. Інша інфо_1'!F25 -> 0 | E126: ='6.1. Інша інфо_1'!H25 -> 0 | F126: ='6.1. Інша інфо_1'!J25 -> 130 | G126: x | H126: x | I126: x | J126: x
A127: працівники | B127: 8023 | C127: ='6.1. Інша інфо_1'!D26 -> 0 | D127: ='6.1. Інша інфо_1'!F26 -> 0 | E127: ='6.1. Інша інфо_1'!H26 -> 0 | F127: ='6.1. Інша інфо_1'!J26 -> 405 | G127: x | H127: x | I127: x | J127: x
A130: Керівник Директор | C130: _____________________________ | H130: ВМ.Михайлищук___________
A131: (посада) | C131: (підпис) | H131: (ініціали, прізвище)

Sheet I. Фін результат
A1: I. Формування фінансових результатів
K2: тис.грн
A3: Найменування показника | B3: Код рядка | C3: Факт минулого року | D3: Фінансовий план поточного року | E3: Прогноз на поточний рік | F3: Плановий рік (усього) | G3: У тому числі за кварталами | K3: Пояснення та обґрунтування до запланованого рівня доходів/витрат
G4: І | H4: ІІ | I4: ІІІ | J4: ІV
A5: 1 | B5: 2 | C5: 3 | D5: 4 | E5: 5 | F5: 6 | G5: 7 | H5: 8 | I5: 9 | J5: 10 | K5: 11
A6: Доходи і витрати (деталізація)
A7: Дохід від реалізації продукції (товарів, робіт, послуг)цільове фінансування | B7: 1000 | F7: 13152 | G7: 2550 | H7: 2550 | I7: 4089 | J7: 3963
A8: Собівартість реалізованої продукції (товарів, робіт, послуг) | B8: 1010 | F8: -13152 | G8: 2550 | H8: 2550 | I8: 4089 | J8: 3963
A9: Витрати на сировину та основні матеріали: | B9: 1011 | F9: -3320 | G9: -643 | H9: -613 | I9: -1032 | J9: -1032
A10: матеріали зовнішнього освітлення(світильники, лампи, патрони, кронштейни, кабеля, опори та інш.) | B10: 1011.1 | F10: -1800 | G10: -400 | H10: -400 | I10: -500 | J10: -500
A11: матеріали для озеленення( придбання садженців дерев та квітів,придбання отрутохімікатів,придбання піску, щебеню, земляної крихти,перевезення працівниів,віники рукавиці відра мотокоси пили електроди та інші матеріали) | B11: 1011.2 | F11: -1520 | G11: -243 | H11: -213 | I11: -532 | J11: -532
A12: Витрати на паливо | B12: 1012 | F12: -1250 | G12: -200 | H12: -250 | I12: -400 | J12: -400
A13: Витрати на електроенергію | B13: 1013 | F13: -50 | G13: -10 | H13: -10 | I13: -15 | J13: -15
A14: Витрати на оплату праці | B14: 1014 | F14: -6800 | G14: -1350 | H14: -1350 | I14: -2100 | J14: -2000
A15: Відрахування на соціальні заходи | B15: 1015 | F15: -1480 | G15: -297 | H15: -297 | I15: -456 | J15: -430
A16: Витрати, що здійснюються для підтримання об’єкта в робочому стані (проведення ремонту, технічного огляду, нагляду, обслуговування тощо) | B16: 1016
A17: Амортизація основних засобів і нематеріальних активів | B17: 1017
A18: Інші витрати (розшифрувати)(оренда обладн., охорона прим.) | B18: 1018 | F18: -252 | G18: -50 | H18: -30 | I18: -86 | J18: -86
A19: спец одяг | B19: 1018.1 | F19: -35 | G19: -35
A20: запчастини до техніи | B20: 1018.2 | F20: -95 | G20: -15 | H20: -20 | I20: -30 | J20: -30
A21: програмне забезпечення | B21: 1018.3 | F21: -50 | I21: -50
A22: оренда кранів та машин | B22: 1018.4 | F22: -50 | I22: -6 | J22: -44
A23: обслуговування компютерної техніки | B23: 1018.5 | F23: -10 | H23: -10
A24: канцелярські товари | B24: 1018.6 | F24: -12 | J24: -12
A25: Валовий прибуток (збиток) | B25: 1020
A26: Адміністративні витрати, у тому числі: | B26: 1030 | F26: -2795 | G26: -935 | H26: -800 | I26: -571 | J26: -489
A27: витрати, пов'язані з використанням власних службових автомобілів | B27: 1031
A28: витрати на оренду службових автомобілів | B28: 1032 | D28: ( ) | E28: ( ) | F28: -49 | G28: -12 | H28: -12 | I28: -12 | J28: -13
A29: витрати на консалтингові послуги | B29: 1033 | D29: ( ) | E29: ( ) | F29: =SUM(G29:J29) -> 0 | G29: ( ) | H29: ( ) | I29: ( ) | J29: ( )
A30: витрати на страхові послуги | B30: 1034 | D30: ( ) | E30: ( ) | F30: =SUM(G30:J30) -> 0 | G30: ( ) | H30: ( ) | I30: ( ) | J30: ( )
A31: витрати на аудиторські послуги | B31: 1035 | D31: ( ) | E31: ( ) | F31: =SUM(G31:J31) -> 0 | G31: ( ) | H31: ( ) | I31: ( ) | J31: ( )
A32: витрати на службові відрядження | B32: 1036 | F32: -16 | G32: 0 | H32: -5 | I32: -5 | J32: -6
A33: витрати на зв’язок | B33: 1037 | F33: -20 | G33: -5 | H33: -5 | I33: -5 | J33: -5
A34: витрати на оплату праці | B34: 1038 | F34: -2221 | G34: -752 | H34: -638 | I34: -450 | J34: -381
A35: відрахування на соціальні заходи | B35: 1039 | F35: -489 | G35: -166 | H35: -140 | I35: -99 | J35: -84
A36: амортизація основних засобів і нематеріальних активів загальногосподарського призначення | B36: 1040
A37: витрати на операційну оренду основних засобів та роялті, що мають загальногосподарське призначення | B37: 1041
A38: витрати на страхування майна загальногосподарського призначення | B38: 1042 | D38: ( ) | E38: ( ) | F38: =SUM(G38:J38) -> 0 | G38: ( ) | H38: ( ) | I38: ( ) | J38: ( )
A39: витрати на страхування загальногосподарського персоналу | B39: 1043 | D39: ( ) | E39: ( ) | F39: =SUM(G39:J39) -> 0 | G39: ( ) | H39: ( ) | I39: ( ) | J39: ( )
A40: організаційно-технічні послуги | B40: 1044 | J40: ( )
A41: консультаційні та інформаційні послуги | B41: 1045 | D41: ( ) | E41: ( ) | F41: =SUM(G41:J41) -> 0 | G41: ( ) | H41: ( ) | I41: ( ) | J41: ( )
A42: юридичні послуги | B42: 1046 | D42: ( ) | E42: ( ) | F42: =SUM(G42:J42) -> 0 | G42: ( ) | H42: ( ) | I42: ( ) | J42: ( )
A43: послуги з оцінки майна | B43: 1047 | D43: ( ) | E43: ( ) | F43: =SUM(G43:J43) -> 0 | G43: ( ) | H43: ( ) | I43: ( ) | J43: ( )
A44: витрати на охорону праці загальногосподарського персоналу | B44: 1048 | D44: ( ) | E44: ( ) | F44: =SUM(G44:J44) -> 0 | G44: ( ) | H44: ( ) | I44: ( ) | J44: ( )
A45: витрати на підвищення кваліфікації та перепідготовку кадрів | B45: 1049 | D45: ( ) | E45: ( ) | F45: =SUM(G45:J45) -> 0 | G45: ( ) | H45: ( ) | I45: ( ) | J45: ( )
A46: витрати на утримання основних фондів, інших необоротних активів загальногосподарського використання, у тому числі: | B46: 1050 | J46: ( )
A47: витрати на поліпшення основних фондів | B47: 1050/1 | D47: ( ) | E47: ( ) | F47: =SUM(G47:J47) -> 0 | G47: ( ) | H47: ( ) | I47: ( ) | J47: ( )
A48: інші адміністративні витрати (розшифрувати) | B48: 1051
A49: Витрати на збут, у тому числі: | B49: 1060
A50: транспортні витрати | B50: 1061 | C50: ( ) | D50: ( ) | E50: ( ) | F50: =SUM(G50:J50) -> 0 | G50: ( ) | H50: ( ) | I50: ( ) | J50: ( )
A51: витрати на зберігання та упаковку | B51: 1062 | C51: ( ) | D51: ( ) | E51: ( ) | F51: =SUM(G51:J51) -> 0 | G51: ( ) | H51: ( ) | I51: ( ) | J51: ( )
A52: витрати на оплату праці | B52: 1063 | C52: ( ) | D52: ( ) | E52: ( ) | F52: =SUM(G52:J52) -> 0 | G52: ( ) | H52: ( ) | I52: ( ) | J52: ( )
A53: відрахування на соціальні заходи | B53: 1064 | C53: ( ) | D53: ( ) | E53: ( ) | F53: =SUM(G53:J53) -> 0 | G53: ( ) | H53: ( ) | I53: ( ) | J53: ( )
A54: амортизація основних засобів і нематеріальних активів | B54: 1065 | C54: ( ) | D54: ( ) | E54: ( ) | F54: =SUM(G54:J54) -> 0 | G54: ( ) | H54: ( ) | I54: ( ) | J54: ( )
A55: витрати на рекламу | B55: 1066 | C55: ( ) | D55: ( ) | E55: ( ) | F55: =SUM(G55:J55) -> 0 | G55: ( ) | H55: ( ) | I55: ( ) | J55: ( )
A56: інші витрати на збут (розшифрувати) | B56: 1067
A57: Інші операційні доходи, усього, у тому числі: | B57: 1070 | F57: 2900 | G57: 970 | H57: 830 | I57: 590 | J57: 510
A58: надання платних послуг | F58: 0
A59: курсові різниці | B59: 1071 | D59: 0 | F59: =SUM(G59:J59) -> 0
A60: нетипові операційні доходи (розшифрувати) | B60: 1072 | C60: 0 | F60: =SUM(G60:J60) -> 0
A61: інші операційні доходи (надання платних послуг) | B61: 1073 | F61: 2900 | G61: 970 | H61: 830 | I61: 590 | J61: 510
A62: Інші операційні витрати, усього, у тому числі: | B62: 1080 | C62: =SUM(C63:C68) -> 0 | D62: =SUM(D63:D68) -> 0 | E62: =SUM(E63:E68) -> 0 | F62: =SUM(G62:J62) -> 0 | G62: =SUM(G63:G68) -> 0 | H62: =SUM(H63:H68) -> 0 | I62: =SUM(I63:I68) -> 0 | J62: =SUM(J63:J68) -> 0
A63: курсові різниці | B63: 1081 | C63: 0 | D63: 0 | E63: 0 | F63: =SUM(G63:J63) -> 0 | G63: 0 | H63: 0 | I63: 0 | J63: 0
A64: нетипові операційні витрати (розшифрувати) | B64: 1082 | C64: 0 | D64: 0 | E64: 0 | F64: =SUM(G64:J64) -> 0 | G64: 0 | H64: 0 | I64: 0 | J64: 0
A65: витрати на благодійну допомогу | B65: 1083 | C65: ( ) | D65: ( ) | E65: ( ) | F65: =SUM(G65:J65) -> 0 | G65: 0 | H65: 0 | I65: 0 | J65: 0
A66: відрахування до резерву сумнівних боргів | B66: 1084 | C66: ( ) | D66: ( ) | E66: ( ) | F66: =SUM(G66:J66) -> 0 | G66: 0 | H66: 0 | I66: 0 | J66: 0
A67: відрахування до недержавних пенсійних фондів | B67: 1085 | C67: ( ) | D67: ( ) | E67: ( ) | F67: =SUM(G67:J67) -> 0 | G67: 0 | H67: 0 | I67: 0 | J67: 0
A68: інші операційні витрати (розшифрувати) | B68: 1086 | C68: ( ) | D68: ( ) | E68: ( ) | F68: =SUM(G68:J68) -> 0 | G68: 0 | H68: 0 | I68: 0 | J68: 0
A69: Фінансовий результат від операційної діяльності | B69: 1100 | C69: =SUM(C25,C26,C49,C57,C62) -> 0 | D69: =SUM(D25,D26,D49,D57,D62) -> 0 | E69: =SUM(E25,E26,E49,E57,E62) -> 0 | F69: =SUM(F25,F26,F49,F57,F62) -> 105 | G69: 35 | H69: 30 | I69: 19 | J69: 21
A70: Дохід від участі в капіталі (розшифрувати) | B70: 1110 | F70: =SUM(G70:J70) -> 0
A71: Втрати від участі в капіталі (розшифрувати) | B71: 1120 | C71: ( ) | D71: ( ) | E71: ( ) | F71: =SUM(G71:J71) -> 0 | G71: ( ) | H71: ( ) | I71: ( ) | J71: ( )
A72: Інші фінансові доходи (розшифрувати) | B72: 1130 | F72: =SUM(G72:J72) -> 0
A73: Фінансові витрати (розшифрувати) | B73: 1140 | C73: ( ) | D73: ( ) | E73: ( ) | F73: =SUM(G73:J73) -> 0 | G73: ( ) | H73: ( ) | I73: ( ) | J73: ( )
A74: Інші доходи, усього, у тому числі: | B74: 1150
A75: курсові різниці | B75: 1151 | F75: =SUM(G75:J75) -> 0
A76: інші доходи (розшифрувати)(Бюджет) | B76: 1152
A77: Інші витрати, усього, у тому числі: | B77: 1160 | D77: =SUM(D78:D79) -> 0 | E77: =SUM(E78:E79) -> 0 | F77: =SUM(G77:J77) -> 0 | G77: =SUM(G78:G79) -> 0 | H77: =SUM(H78:H79) -> 0 | I77: =SUM(I78:I79) -> 0 | J77: =SUM(J78:J79) -> 0
A78: курсові різниці | B78: 1161 | D78: ( ) | E78: ( ) | F78: =SUM(G78:J78) -> 0 | G78: ( ) | H78: ( ) | I78: ( ) | J78: ( )
A79: інші витрати (розшифрувати)(витрати по ліцензії) | B79: 1162 | F79: =SUM(G79:J79) -> 0 | G79: ( ) | H79: ( ) | I79: ( ) | J79: ( )
A80: Фінансовий результат до оподаткування | B80: 1170 | D80: =SUM(D69,D70,D71,D72,D73,D74,D77) -> 0 | E80: =SUM(E69,E70,E71,E72,E73,E74,E77) -> 0 | F80: =SUM(F69,F70,F71,F72,F73,F74,F77) -> 105 | G80: =SUM(G69,G70,G71,G72,G73,G74,G77) -> 35 | H80: =SUM(H69,H70,H71,H72,H73,H74,H77) -> 30 | I80: =SUM(I69,I70,I71,I72,I73,I74,I77) -> 19 | J80: =SUM(J69,J70,J71,J72,J73,J74,J77) -> 21
A81: Витрати з податку на прибуток | B81: 1180 | C81: ( ) | D81: ( ) | E81: ( ) | F81: =SUM(G81:J81) -> 0 | G81: ( ) | H81: ( ) | I81: ( ) | J81: ( )
A82: Дохід з податку на прибуток | B82: 1181 | F82: =SUM(G82:J82) -> 0
A83: Прибуток від припиненої діяльності після оподаткування | B83: 1190 | F83: =SUM(G83:J83) -> 0
A84: Збиток від припиненої діяльності після оподаткування | B84: 1191 | C84: ( ) | D84: ( ) | E84: ( ) | F84: =SUM(G84:J84) -> 0 | G84: ( ) | H84: ( ) | I84: ( ) | J84: ( )
A85: Чистий фінансовий результат, у тому числі: | B85: 1200 | C85: =SUM(C80,C81,C82,C83,C84) -> 0 | D85: =SUM(D80,D81,D82,D83,D84) -> 0 | E85: =SUM(E80,E81,E82,E83,E84) -> 0 | F85: =SUM(F80,F81,F82,F83,F84) -> 105 | G85: =SUM(G80,G81,G82,G83,G84) -> 35 | H85: =SUM(H80,H81,H82,H83,H84) -> 30 | I85: =SUM(I80,I81,I82,I83,I84) -> 19 | J85: =SUM(J80,J81,J82,J83,J84) -> 21
A86: прибуток | B86: 1201
A87: збиток | B87: 1202
A88: Усього доходів | B88: 1210 | C88: =SUM(C7,C57,C70,C72,C74,C82,C83) -> 0 | D88: =SUM(D7,D57,D70,D72,D74,D82,D83) -> 0 | E88: =SUM(E7,E57,E70,E72,E74,E82,E83) -> 0 | F88: =SUM(F7,F57,F70,F72,F74,F82,F83) -> 16052 | G88: =SUM(G7,G57,G70,G72,G74,G82,G83) -> 3520 | H88: =SUM(H7,H57,H70,H72,H74,H82,H83) -> 3380 | I88: =SUM(I7,I57,I70,I72,I74,I82,I83) -> 4679 | J88: =SUM(J7,J57,J70,J72,J74,J82,J83) -> 4473
A89: Усього витрат | B89: 1220 | C89: =SUM(C8,C26,C49,C62,C71,C73,C77,C81,C84) -> 0 | D89: =SUM(D8,D26,D49,D62,D71,D73,D77,D81,D84) -> 0 | E89: =SUM(E8,E26,E49,E62,E71,E73,E77,E81,E84) -> 0 | F89: =SUM(F8,F26,F49,F62,F71,F73,F77,F81,F84) -> -15947 | G89: =SUM(G8,G26,G49,G62,G71,G73,G77,G81,G84) -> 1615 | H89: =SUM(H8,H26,H49,H62,H71,H73,H77,H81,H84) -> 1750 | I89: =SUM(I8,I26,I49,I62,I71,I73,I77,I81,I84) -> 3518 | J89: =SUM(J8,J26,J49,J62,J71,J73,J77,J81,J84) -> 3474
A90: Неконтрольована частка | B90: 1230 | F90: =SUM(G90:J90) -> 0
A91: Розрахунок показника EBITDA
A92: Фінансовий результат від операційної діяльності, рядок 1100 | B92: 1300
A93: плюс амортизація, рядок 1430 | B93: 1301
A94: мінус операційні доходи від курсових різниць, рядок 1071 | B94: 1302 | C94: =C59 -> 0 | D94: =D59 -> 0 | E94: =E59 -> 0 | F94: =SUM(G94:J94) -> 0 | G94: =G59 -> 0 | H94: =H59 -> 0 | I94: =I59 -> 0 | J94: =J59 -> 0
A95: плюс операційні витрати від курсових різниць, рядок 1081 | B95: 1303 | C95: =C63 -> 0 | D95: =D63 -> 0 | E95: =E63 -> 0 | F95: =SUM(G95:J95) -> 0 | G95: =G63 -> 0 | H95: =H63 -> 0 | I95: =I63 -> 0 | J95: =J63 -> 0
A96: мінус значні нетипові операційні доходи, рядок 1072 | B96: 1304 | C96: =C60 -> 0 | D96: =D60 -> 0 | E96: =E60 -> 0 | F96: =SUM(G96:J96) -> 0 | G96: =G60 -> 0 | H96: =H60 -> 0 | I96: =I60 -> 0 | J96: =J60 -> 0
A97: плюс значні нетипові операційні витрати, рядок 1082 | B97: 1305 | C97: =C64 -> 0 | D97: =D64 -> 0 | E97: =E64 -> 0 | F97: =SUM(G97:J97) -> 0 | G97: =G64 -> 0 | H97: =H64 -> 0 | I97: =I64 -> 0 | J97: =J64 -> 0
A98: EBITDA | B98: 1310 | C98: =C92+C93-C94-C95-C96-C97 -> 0 | D98: =D92+D93-D94-D95-D96-D97 -> 0 | E98: =E92+E93-E94-E95-E96-E97 -> 0 | F98: =F92+F93-F94-F95-F96-F97 -> 0 | G98: =G92+G93-G94-G95-G96-G97 -> 0 | H98: =H92+H93-H94-H95-H96-H97 -> 0 | I98: =I92+I93-I94-I95-I96-I97 -> 0 | J98: =J92+J93-J94-J95-J96-J97 -> 0
A99: Елементи операційних витрат
A100: Матеріальні витрати, у тому числі: | B100: 1400 | F100: 15947 | G100: =G101+G102+G103+G104+G105+G106 -> 3485 | H100: =H101+H102+H103+H104+H105+H106 -> 3350 | I100: =I101+I102+I103+I104+I105+I106 -> 4660 | J100: =J101+J102+J103+J104+J105+J106 -> 4452
...

Sheet ІІ. Розр. з бюджетом
A1: IІ. Розрахунки з бюджетом
I2: тис.грн
A3: Найменування показника | B3: Код рядка | C3: Факт минулого року | D3: Фінансовий план поточного року | E3: Прогноз на поточний рік | F3: Плановий рік (усього) | G3: У тому числі за кварталами
G4: І | H4: ІІ | I4: ІІІ | J4: ІV
A5: 1 | B5: 2 | C5: 3 | D5: 4 | E5: 5 | F5: 6 | G5: 7 | H5: 8 | I5: 9 | J5: 10
A6: Розподіл чистого прибутку
A7: Залишок нерозподіленого прибутку (непокритого збитку) на початок звітного періоду | B7: 2000
A8: Нараховані до сплати відрахування частини чистого прибутку, усього, у тому числі: | B8: 2010 | D8: =SUM(D9:D10) -> 0 | E8: =SUM(E9:E10) -> 0 | F8: 12.5 | G8: 3 | H8: 3 | I8: 3 | J8: 4
A9: державними унітарними підприємствами та їх об'єднаннями до державного бюджету | B9: 2011 | D9: ( ) | E9: ( ) | F9: =SUM(G9:J9) -> 0 | G9: ( ) | H9: ( ) | I9: ( ) | J9: ( )
A10: господарськими товариствами, у статутному капіталі яких більше 50 відсотків акцій (часток, паїв) належать державі, на виплату дивідендів | B10: 2012 | C10: ( ) | D10: ( ) | E10: ( ) | F10: =SUM(G10:J10) -> 0 | G10: ( ) | H10: ( ) | I10: ( ) | J10: ( )
A11: у тому числі на державну частку | B11: 2012/1 | C11: ( ) | D11: ( ) | E11: ( ) | F11: =SUM(G11:J11) -> 0 | G11: ( ) | H11: ( ) | I11: ( ) | J11: ( )
A12: Перенесено з додаткового капіталу | B12: 2020 | F12: =SUM(G12:J12) -> 0
A13: Розвиток виробництва | B13: 2030 | C13: ( ) | D13: ( ) | E13: ( ) | F13: =SUM(G13:J13) -> 0 | G13: ( ) | H13: ( ) | I13: ( ) | J13: ( )
A14: у тому числі за основними видами діяльності за КВЕД | B14: 2031 | C14: ( ) | D14: ( ) | E14: ( ) | F14: =SUM(G14:J14) -> 0 | G14: ( ) | H14: ( ) | I14: ( ) | J14: ( )
A15: Резервний фонд | B15: 2040 | C15: ( ) | D15: ( ) | E15: ( ) | F15: =SUM(G15:J15) -> 0 | G15: ( ) | H15: ( ) | I15: ( ) | J15: ( )
A16: Інші фонди (розшифрувати) | B16: 2050 | C16: ( ) | D16: ( ) | E16: ( ) | F16: =SUM(G16:J16) -> 0 | G16: ( ) | H16: ( ) | I16: ( ) | J16: ( )
A17: Інші цілі (розшифрувати) | B17: 2060 | C17: ( ) | D17: ( ) | E17: ( ) | F17: =SUM(G17:J17) -> 0 | G17: ( ) | H17: ( ) | I17: ( ) | J17: ( )
A18: Залишок нерозподіленого прибутку (непокритого збитку) на кінець звітного періоду | B18: 2070
A19: Сплата податків, зборів та інших обов'язкових платежів
A20: Сплата податків та зборів до Державного бюджету України (податкові платежі), усього, у тому числі: | B20: 2110 | F20: =F21+F22+F27 -> 2695 | G20: =G21+G22 -> 585 | H20: =H21+H22 -> 567 | I20: =I21+I22 -> 786 | J20: 757
A21: податок на прибуток підприємств | B21: 2111 | F21: 19 | G21: 4 | H21: 4 | I21: 6 | J21: 5
A22: податок на додану вартість, що підлягає сплаті до бюджету за підсумками звітного періоду | B22: 2112 | F22: 2675 | G22: 581 | H22: 563 | I22: 780 | J22: 751
A23: податок на додану вартість, що підлягає відшкодуванню з бюджету за підсумками звітного періоду | B23: 2113
A24: акцизний податок | B24: 2114
A25: відрахування частини чистого прибутку державними унітарними підприємствами та їх об'єднаннями | B25: 2115
A26: рентна плата за транспортування | B26: 2116
A27: рентна плата за користування надрами | B27: 2117 | F27: 1 | J27: 1
A28: податок на доходи фізичних осіб | B28: 2118
A29: інші податки та збори (розшифрувати) (військ.) | B29: 2119
A30: Сплата податків та зборів до місцевих бюджетів (податкові платежі), усього, у тому числі: | B30: 2120 | F30: 1624 | G30: 378 | H30: 358 | I30: 459 | J30: 429
A31: податок на доходи фізичних осіб | B31: 2121 | F31: 1624 | G31: 378 | H31: 358 | I31: 459 | J31: 429
A32: земельний податок | B32: 2122
A33: орендна плата (60% за оренд. прим) | B33: 2123
A34: інші податки та збори (розшифрувати) (радіочаст,) | B34: 2124
A35: Інші податки, збори та платежі на користь держави, усього, у тому числі: | B35: 2130
A36: відрахування частини чистого прибутку господарськими товариствами, у статутному капіталі яких більше 50 відсотків акцій (часток, паїв) належать державі, на виплату дивідендів на державну частку | B36: 2131
A37: митні платежі | B37: 2132
A38: єдиний внесок на загальнообов'язкове державне соціальне страхування | B38: 2133
A39: інші податки, збори та платежі (розшифрувати) | B39: 2134
A40: Погашення податкового боргу, усього, у тому числі: | B40: 2140
A41: погашення реструктуризованих та відстрочених сум, що підлягають сплаті в поточному році до бюджетів та державних цільових фондів | B41: 2141
A42: інші (штрафи, пені, неустойки) (розшифрувати) | B42: 2142
A43: Усього виплат на користь держави | B43: 2200
A47: Керівник Директор | C47: _____________________________ | H47: В.М.Михайлищук___________
A48: (посада) | C48: (підпис) | H48: (ініціали, прізвище)

Sheet ІІІ. Рух грош. коштів
A1: ІІІ. Рух грошових коштів (за прямим методом)
I2: тис.грн
A3: Найменування показника | B3: Код рядка | C3: Факт минулого року | D3: План поточного року | E3: Прогноз на поточний рік | F3: Плановий рік (усього) | G3: У тому числі за кварталами
G4: І | H4: ІІ | I4: ІІІ | J4: ІV
A5: 1 | B5: 2 | C5: 3 | D5: 4 | E5: 5 | F5: 6 | G5: 7 | H5: 8 | I5: 9 | J5: 10
A6: І. Рух коштів у результаті операційної діяльності
A7: Надходження грошових коштів від операційної діяльності | B7: 3000 | F7: 16052 | G7: 3520 | H7: 3380 | I7: 4679 | J7: 4473
A8: Виручка від реалізації продукції (товарів, робіт, послуг) | B8: 3010 | F8: 13377 | G8: 2939 | H8: 2817 | I8: 3899 | J8: 3722
A9: Повернення податків і зборів, у тому числі: | B9: 3020
A10: податку на додану вартість | B10: 3021 | F10: 2675 | G10: 581 | H10: 563 | I10: 780 | J10: 751
A11: Цільове фінансування (розшифрувати) БЮДЖЕТ, ЛІКАРНЯНІ | B11: 3030
A12: Надходження авансів від покупців і замовників | B12: 3040
A13: Отримання коштів за короткостроковими зобов'язаннями, у тому числі: | B13: 3050
A14: кредити | B14: 3051
A15: позики | B15: 3052
A16: облігації | B16: 3053
A17: Інші надходження (розшифрувати) -ОРЕНДА, | B17: 3060
A18: Видатки грошових коштів від операційної діяльності | B18: 3100 | F18: 15947 | G18: 3485 | H18: 3350 | I18: 4660 | J18: 4452
A19: Розрахунки за продукцію (товари, роботи та послуги) | B19: 3110 | F19: 3544 | G19: 726 | H19: 704 | I19: 1059 | J19: 1055
A20: Розрахунки з оплати праці | B20: 3120 | F20: 9021 | G20: 2102 | H20: 1988 | I20: 2550 | J20: 2381
A21: Повернення коштів за короткостроковими зобов'язаннями, у тому числі: | B21: 3130
A22: кредити | B22: 3131
A23: позики | B23: 3132
A24: облігації | B24: 3133
A25: Зобов’язання з податків, зборів та інших обов’язкових платежів, у тому числі: | B25: 3140 | F25: 3369 | G25: 654 | H25: 655 | I25: 1048 | J25: 1012
A26: податок на прибуток підприємств | B26: 3141 | F26: 19 | G26: 7 | H26: 5 | I26: 3 | J26: 4
A27: податок на додану вартість | B27: 3142 | F27: 1726 | G27: 269 | H27: 292 | I27: 586 | J27: 579
A28: акцизний податок | B28: 3143
A29: рентна плата | B29: 3144
A30: податок на доходи фізичних осіб | B30: 3145 | F30: 1624 | G30: 378 | H30: 358 | I30: 459 | J30: 429
A31: інші обов’язкові платежі, у тому числі: | B31: 3146 | F31: 13 | G31: 3 | H31: 3 | I31: 3 | J31: 4
A32: відрахування частини чистого прибутку державними підприємствами | B32: 3146/1 | F32: 13 | G32: 3 | H32: 3 | I32: 3 | J32: 4
A33: відрахування частини чистого прибутку державними підприємствами | B33: 3146/2
A34: інші платежі (розшифрувати) ПОДАТКИ(єсв.екол,зем,радіоч,військ,профс.) | B34: 3150
A35: Повернення коштів до бюджету | B35: 3160
A36: Інші витрати (розшифрувати), (60% ВІД ОРЕНДИ. Відрядж. Банк.послуги, ліценз, авторська винагор. мат.доп.) | B36: 3170
A37: Чистий рух коштів від операційної діяльності | B37: 3195
A38: II. Рух коштів у результаті інвестиційної діяльності
A39: Надходження грошових коштів від інвестиційної діяльності | B39: 3200
A40: Виручка від реалізації фінансових інвестицій | B40: 3210
A41: Виручка від реалізації необоротних активів | B41: 3220
A42: Надходження від продажу акцій та облігацій | B42: 3230
A43: Інші надходження (розшифрувати) | B43: 3240
A44: Видатки грошових коштів від інвестиційної діяльності | B44: 3255
A45: Придбання (створення) основних засобів (розшифрувати) | B45: 3260
A46: Капітальне будівництво (розшифрувати) | B46: 3265
A47: Придбання (створення) нематеріальних активів (розшифрувати) | B47: 3270
A48: Придбання акцій та облігацій | B48: 3275
A49: Інші витрати (розшифрувати) | B49: 3280
A50: Чистий рух коштів від інвестиційної діяльності | B50: 3295
A51: III. Рух коштів у результаті фінансової діяльності
A52: Надходження грошових коштів від фінансової діяльності | B52: 3300
A53: Надходження від власного капіталу | B53: 3310
A54: Отримання коштів за довгостроковими зобов'язаннями, у тому числі: | B54: 3320
A55: кредити | B55: 3321
A56: позики | B56: 3322
A57: облігації | B57: 3323
A58: Інші надходження (розшифрувати) % | B58: 3340
A59: Видатки грошових коштів від фінансової діяльності | B59: 3345
A60: Витрачання на викуп власних акцій | B60: 3350
A61: Повернення коштів за довгостроковими зобов'язаннями, у тому числі: | B61: 3360
A62: кредити | B62: 3361
A63: позики | B63: 3362
... A71: Залишок коштів на кінець періоду | B71: 3415
A75: Керівник Директор | C75: _____________________________ | H75: В.М.Михайлищук
A76: (посада) | C76: (підпис) | H76: (ініціали, прізвище)

Sheet IV. Кап. інвестиції
A1: IV. Капітальні інвестиції
A2: тис.грн
A3: Найменування показника | B3: Код рядка | C3: Факт минулого року | D3: Фінансовий план поточного року | E3: Прогноз на поточний рік | F3: Плановий рік (усього) | G3: У тому числі за кварталами
G4: І | H4: ІІ | I4: ІІІ | J4: ІV
A5: 1 | B5: 2 | C5: 3 | D5: 4 | E5: 5 | F5: 6 | G5: 7 | H5: 8 | I5: 9 | J5: 10
A6: Капітальні інвестиції, усього, у тому числі: | B6: 4000 | F6: 150 | G6: 25 | H6: 25 | I6: 25 | J6: 75
A7: капітальне будівництво | B7: 4010
A8: придбання (виготовлення) основних засобів | B8: 4020 | F8: 100 | G8: 25 | H8: 25 | I8: 25 | J8: 25
A9: придбання (виготовлення) інших необоротних матеріальних активів | B9: 4030
A10: придбання (створення) нематеріальних активів | B10: 4040
A11: модернізація, модифікація (добудова, дообладнання, реконструкція) основних засобів | B11: 4050 | F11: 50 | J11: 50
A12: капітальний ремонт | B12: 4060 | F12: =SUM(G12:J12) -> 0
A16: Керівник Директор | C16: _____________________________ | H16: В.М.Михайлищук
A17: (посада) | C17: (підпис) | H17: (ініціали, прізвище)

Sheet  V. Коефіцієнти
A1: V. Коефіцієнтний аналіз
A3: Найменування показника | B3: Код рядка | C3: Оптимальне значення | D3: Факт минулого року | E3: Фінансовий план поточного року | F3: Прогноз на поточний рік | G3: Плановий рік | H3: Примітки
A5: 1 | B5: 2 | C5: 3 | D5: 4 | E5: 5 | F5: 6 | G5: 7 | H5: 8
A6: Коефіцієнти рентабельності та прибутковості
A7: Валова рентабельність (валовий прибуток, рядок 1020 / чистий дохід від реалізації продукції (товарів, робіт, послуг), рядок 1000) х 100, % | B7: 5000 | C7: Збільшення
A8: Рентабельність EBITDA (EBITDA, рядок 1310 / чистий дохід від реалізації продукції (товарів, робіт, послуг), рядок 1000) х 100, % | B8: 5010 | C8: Збільшення
A9: Рентабельність активів (чистий фінансовий результат, рядок 1200 / вартість активів, рядок 6020) х 100, % | B9: 5020 | C9: Збільшення | H9: Характеризує ефективність використання активів підприємства
A10: Рентабельність власного капіталу (чистий фінансовий результат, рядок 1200 / власний капітал, рядок 6080) х 100, % | B10: 5030 | C10: Збільшення
A11: Рентабельність діяльності (чистий фінансовий результат, рядок 1200 / чистий дохід від реалізації продукції (товарів, робіт, послуг), рядок 1000) х 100, % | B11: 5040 | C11: Збільшення | H11: Характеризує ефективність господарської діяльності підприємства
A12: Коефіцієнти фінансової стійкості та ліквідності
A13: Коефіцієнт відношення боргу до EBITDA (довгострокові зобов'язання, рядок 6030 + поточні зобов'язання, рядок 6040) / EBITDA, рядок 1310 | B13: 5100
A14: Коефіцієнт фінансової стійкості (власний капітал, рядок 6080 / (довгострокові зобов'язання, рядок 6030 + поточні зобов'язання, рядок 6040)) | B14: 5110 | C14: > 1 | H14: Характеризує співвідношення власних та позикових коштів і залежність підприємства від зовнішніх фінансових джерел
A15: Коефіцієнт поточної ліквідності (покриття) (оборотні активи, рядок 6010 / поточні зобов'язання, рядок 6040) | B15: 5120 | C15: > 1 | H15: Показує достатність ресурсів підприємства, які може бути використано для погашення його поточних зобов'язань. Нормативним значенням для цього показника є > 1–1,5
A16: Аналіз капітальних інвестицій
A17: Коефіцієнт відношення капітальних інвестицій до амортизації (капітальні інвестиції, рядок 4000 / амортизація, рядок 1430) | B17: 5200
A18: Коефіцієнт відношення капітальних інвестицій до чистого доходу від реалізації продукції (товарів, робіт, послуг) (капітальні інвестиції, рядок 4000 / чистий дохід від реалізації продукції (товарів, робіт, послуг), рядок 1000) | B18: 5210
A19: Коефіцієнт зносу основних засобів (сума зносу, рядок 6003 / первісна вартість основних засобів, рядок 6002) | B19: 5220 | C19: Зменшення | H19: Характеризує інвестиційну політику підприємства
A20: Ковенанти/обмежувальні коефіцієнти
A21: Інші коефіцієнти/ковенанти, якщо такі передбачені умовами кредитних договорів, із зазначенням банку, валюти та суми зобов'язання на дату останньої звітності, строку погашення. У графі "Оптимальне значення" вказати граничне значення коефіцієнта | B21: 5300
A25: Керівник Директор | C25: _____________________________ | H25: В.М.Михайлищук
A26: (посада) | C26: (підпис) | H26: (ініціали, прізвище)

Sheet 6.1. Інша інфо_1
A1: Інформація
A2: до фінансового плану на 2021 рік
A3: КОМУНАЛЬНЕ ПІДПРИЄМСТВО "Зеленосвіт"
A4: (найменування підприємства)
A5: 1. Дані про підприємство, персонал та витрати на оплату праці тис.грн
A7: Загальна інформація про підприємство (резюме)
A9: Найменування показника | D9: Факт минулого року | F9: Фінансовий план поточного року | H9: Прогноз на поточний рік | J9: Плановий рік | L9: Плановий рік до прогнозу на поточний рік, % | N9: Плановий рік до факту минулого року, %
A10: 1 | D10: 2 | F10: 3 | H10: 4 | J10: 5 | L10: 6 | N10: 7
A11: Середня кількість працівників (штатних працівників, зовнішніх сумісників та працівників, що працюють за цивільно-правовими договорами), у тому числі: | J11: 65.25
A12: директор | J12: 1
A13: адміністративно-управлінський персонал | J13: 11.5
A14: працівники | J14: 52.75
A15: Фонд оплати праці, тис. грн, у тому числі: | J15: 751.8
A16: директор | J16: 28.3
A17: адміністративно-управлінський персонал | J17: 125
A18: працівники | J18: 598.5
A19: Витрати на оплату праці, тис. грн, у тому числі: | J19: 9021
A20: директор | J20: 348
A21: адміністративно-управлінський персонал | J21: 1500
A22: працівники | J22: 7173
... A26: працівники | J26: 405
A28: У разі збільшення витрат на оплату праці в плановому році порівняно з установленим рівнем поточного року та фактом попереднього року надаються відповідні обґрунтування.
A30: 2. Перелік підприємств, які включені до консолідованого (зведеного) фінансового плану
A32: Код за ЄДРПОУ | B32: Найменування підприємства | F32: Вид діяльності
A33: 1 | B33: 2 | F33: 3
A44: 3. Інформація про бізнес підприємства (код рядка 1000 фінансового плану)
A46: Найменування видів діяльності за КВЕД | B46: Питома вага в загальному обсязі реалізації, % | D46: Фактичний показник за 2019 минулий рік | G46: Плановий показник поточного2020 року | J46: Фактичний показник поточного року за останній звітний період на 31.123.2020р | M46: Плановий 2021 рік
B47: за минулий рік | C47: за плановий рік | D47: чистий дохід від реалізації продукції (товарів, робіт, послуг), тис. грн | E47: кількість продукції/ наданих послуг, одиниця виміру | F47: ціна одиниці (вартість продукції/ наданих послуг), грн | G47: чистий дохід від реалізації продукції (товарів, робіт, послуг), тис. грн | H47: кількість продукції/ наданих послуг, одиниця виміру | I47: ціна одиниці (вартість продукції/ наданих послуг), грн | J47: чистий дохід від реалізації продукції (товарів, робіт, послуг), тис. грн | K47: кількість продукції/ наданих послуг, одиниця виміру | L47: ціна одиниці (вартість продукції/ наданих послуг), грн | M47: чистий дохід від реалізації продукції (товарів, робіт, послуг), тис. грн | N47: кількість продукції/ наданих послуг, одиниця виміру | O47: ціна одиниці (вартість продукції/ наданих послуг), грн
A48: 1 | B48: 2 | C48: 3 | D48: 4 | E48: 5 | F48: 6 | G48: 7 | H48: 8 | I48: 9 | J48: 10 | K48: 11 | L48: 12 | M48: 13 | N48: 14 | O48: 15
A49: комплексне обслуговуваня об"єктів
A51: Усього | B51: 100 | C51: 100 | J51: 70.7 | M51: 105
A53: 4. Діючі фінансові зобов'язання підприємства
A55: Найменування банку | B55: Вид кредитного продукту та цільове призначення | D55: Сума, валюта за договорами | F55: Процентна ставка | H55: Дата видачі/погашення (графік) | K55: Заборгованість на останню дату | M55: Забезпечення
A56: 1 | B56: 2 | D56: 3 | F56: 4 | H56: 5 | K56: 6 | M56: 7
A60: Усього | B60: х | D60: х | F60: х | K60: =SUM(K57:K59) -> 0
A62: 5. Інформація щодо отримання та повернення залучених коштів
A64: Зобов'язання | D64: Заборгованість за кредитами на початок ______ року | G64: План із залучення коштів | J64: План з повернення коштів | M64: Заборгованість за кредитами на кінець ______ року
A65: 1 | D65: 2 | G65: 3 | J65: 4 | M65: 5
A66: Довгострокові зобов'язання, усього | M66: =D66+G66-J66 -> 0
A67: у тому числі:
A69: Короткострокові зобов'язання, усього | M69: =D69+G69-J69 -> 0
A70: у тому числі:
A72: Інші фінансові зобов'язання, усього | M72: =D72+G72-J72 -> 0
A73: у тому числі:
A75: Усього | D75: =SUM(D66,D69,D72) -> 0 | G75: =SUM(G66,G69,G72) -> 0 | J75: =SUM(J66,J69,J72) -> 0 | M75: =D75+G75-J75 -> 0

Sheet 6.2. Інша інфо_2
B2: 6. Витрати, пов'язані з використанням власних службових автомобілів (у складі адміністративних витрат, рядок 1031)
A4: № з/п | B4: Марка | C4: Рік придбання | G4: Мета використання | N4: Витрати, усього | Z4: Плановий рік до плану поточного року, % | AC4: Плановий рік до факту минулого року, %
N5: факт минулого року | R5: фінансовий план поточного року | V5: плановий рік
A6: 1 | B6: 2 | C6: 3 | G6: 4 | N6: 5 | R6: 6 | V6: 7 | Z6: 8 | AC6: 9
A7: 1 | Z7: =(V7/R7)*100 -> #DIV/0! | AC7: =(V7/N7)*100 -> #DIV/0!
Z8: =(V8/R8)*100 -> #DIV/0! | AC8: =(V8/N8)*100 -> #DIV/0!
Z9: =(V9/R9)*100 -> #DIV/0! | AC9: =(V9/N9)*100 -> #DIV/0!
Z10: =(V10/R10)*100 -> #DIV/0! | AC10: =(V10/N10)*100 -> #DIV/0!
A11: Усього | N11: =SUM(N7:N10) -> 0 | R11: =SUM(R7:R10) -> 0 | V11: =SUM(V7:V10) -> 0 | Z11: =(V11/R11)*100 -> #DIV/0! | AC11: =(V11/N11)*100 -> #DIV/0!
B13: 7. Витрати на оренду службових автомобілів (у складі адміністративних витрат, рядок 1032)
A15: № з/п | B15: Договір | C15: Марка | G15: Мета використання | N15: Дата початку оренди | Q15: Витрати, усього | Z15: Плановий рік до плану поточного року, % | AC15: Плановий рік до факту минулого року, %
Q16: факт минулого року | T16: фінансовий план поточного року | W16: плановий рік
A18: 1 | B18: 2 | C18: 3 | G18: 4 | N18: 5 | Q18: 6 | T18: 7 | W18: 8 | Z18: 9 | AC18: 10
Z19: =(W19/T19)*100 -> #DIV/0! | AC19: =(W19/Q19)*100 -> #DIV/0!
Z20: =(W20/T20)*100 -> #DIV/0! | AC20: =(W20/Q20)*100 -> #DIV/0!
Z21: =(W21/T21)*100 -> #DIV/0! | AC21: =(W21/Q21)*100 -> #DIV/0!
Z22: =(W22/T22)*100 -> #DIV/0! | AC22: =(W22/Q22)*100 -> #DIV/0!
A23: Усього | Q23: =SUM(Q19:Q22) -> 0 | T23: =SUM(T19:T22) -> 0 | W23: =SUM(W19:W22) -> 0 | Z23: =(W23/T23)*100 -> #DIV/0! | AC23: =(W23/Q23)*100 -> #DIV/0!
B26: 8. Джерела капітальних інвестицій
AE27: тис. грн (без ПДВ)
A28: № з/п | B28: Найменування об’єкта | G28: Залучення кредитних коштів | L28: Бюджетне фінансування | Q28: Власні кошти (розшифрувати) | V28: Інші джерела (розшифрувати) | AA28: Усього
G29: рік | H29: у тому числі за кварталами | L29: рік | M29: у тому числі за кварталами | Q29: рік | R29: у тому числі за кварталами | V29: рік | W29: у тому числі за кварталами | AA29: рік | AB29: у тому числі за кварталами
H30: І | I30: ІІ | J30: ІІІ | K30: ІV | M30: І | N30: ІІ | O30: ІІІ | P30: ІV | R30: І | S30: ІІ | T30: ІІІ | U30: ІV | W30: І | X30: ІІ | Y30: ІІІ | Z30: ІV | AB30: І | AC30: ІІ | AD30: ІІІ | AE30: ІV
A31: 1 | B31: 2 | G31: 3 | H31: 4 | I31: 5 | J31: 6 | K31: 7 | L31: 8 | M31: 9 | N31: 10 | O31: 11 | P31: 12 | Q31: 13 | R31: 14 | S31: 15 | T31: 16 | U31: 17 | V31: 18 | W31: 19 | X31: 20 | Y31: 21 | Z31: 22 | AA31: 23 | AB31: 24 | AC31: 25 | AD31: 26 | AE31: 27
G32: =SUM(H32,I32,J32,K32) -> 0 | L32: =SUM(M32,N32,O32,P32) -> 0 | Q32: =SUM(R32,S32,T32,U32) -> 0 | V32: =SUM(W32,X32,Y32,Z32) -> 0 | AA32: =SUM(AB32,AC32,AD32,AE32) -> 0 | AB32: =SUM(H32,M32,R32,W32) -> 0 | AC32: =SUM(I32,N32,S32,X32) -> 0 | AD32: =SUM(J32,O32,T32,Y32) -> 0 | AE32: =SUM(K32,P32,U32,Z32) -> 0
G33: =SUM(H33,I33,J33,K33) -> 0 | L33: =SUM(M33,N33,O33,P33) -> 0 | Q33: =SUM(R33,S33,T33,U33) -> 0 | V33: =SUM(W33,X33,Y33,Z33) -> 0 | AA33: =SUM(AB33,AC33,AD33,AE33) -> 0 | AB33: =SUM(H33,M33,R33,W33) -> 0 | AC33: =SUM(I33,N33,S33,X33) -> 0 | AD33: =SUM(J33,O33,T33,Y33) -> 0 | AE33: =SUM(K33,P33,U33,Z33) -> 0
G34: =SUM(H34,I34,J34,K34) -> 0 | L34: =SUM(M34,N34,O34,P34) -> 0 | Q34: =SUM(R34,S34,T34,U34) -> 0 | V34: =SUM(W34,X34,Y34,Z34) -> 0 | AA34: =SUM(AB34,AC34,AD34,AE34) -> 0 | AB34: =SUM(H34,M34,R34,W34) -> 0 | AC34: =SUM(I34,N34,S34,X34) -> 0 | AD34: =SUM(J34,O34,T34,Y34) -> 0 | AE34: =SUM(K34,P34,U34,Z34) -> 0
G35: =SUM(H35,I35,J35,K35) -> 0 | L35: =SUM(M35,N35,O35,P35) -> 0 | Q35: =SUM(R35,S35,T35,U35) -> 0 | V35: =SUM(W35,X35,Y35,Z35) -> 0 | AA35: =SUM(AB35,AC35,AD35,AE35) -> 0 | AB35: =SUM(H35,M35,R35,W35) -> 0 | AC35: =SUM(I35,N35,S35,X35) -> 0 | AD35: =SUM(J35,O35,T35,Y35) -> 0 | AE35: =SUM(K35,P35,U35,Z35) -> 0
A36: Усього | G36: =SUM(G32:G35) -> 0 | H36: =SUM(H32:H35) -> 0 | I36: =SUM(I32:I35) -> 0 | J36: =SUM(J32:J35) -> 0 | K36: =SUM(K32:K35) -> 0 | L36: =SUM(L32:L35) -> 0 | M36: =SUM(M32:M35) -> 0 | N36: =SUM(N32:N35) -> 0 | ... AE36: =SUM(AE32:AE35) -> 0
A37: Відсоток | G37: =G36/AA36*100 -> #DIV/0! | L37: =L36/AA36*100 -> #DIV/0! | Q37: =Q36/AA36*100 -> #DIV/0! | V37: =V36/AA36*100 -> #DIV/0! | AA37: =SUM(G37,L37,Q37,V37) -> #DIV/0!
B40: 9. Капітальне будівництво (рядок 4010 таблиці 4)
AE41: тис. грн (без ПДВ)
A42: № з/п | B42: Найменування об’єктів | C42: Рік початку і закінчення будівництва | E42: Загальна кошторисна вартість | G42: Первісна балансова вартість введених потужностей на початок планового року | I42: Незавершене будівництво на початок планового року | K42: Плановий рік | U42: Інформація щодо проектно-кошторисної документації (стан розроблення, затвердження, у разі затвердження зазначити орган, яким затверджено, та відповідний документ) | Z42: Документ, яким затверджений титул будови, із зазначенням органу, який його погодив
K43: освоєння капітальних вкладень | M43: фінансування капітальних інвестицій (оплата грошовими коштами), усього | O43: у тому числі
O44: власні кошти | Q44: кредитні кошти | S44: інші джерела (зазначити джерело)
A45: 1 | B45: 2 | C45: 3 | E45: 4 | G45: 5 | I45: 6 | K45: 7 | M45: 8 | O45: 9 | Q45: 10 | S45: 11 | U45: 12 | Z45: 13
M46: =SUM(O46,Q46,S46) -> 0
M47: =SUM(O47,Q47,S47) -> 0
M48: =SUM(O48,Q48,S48) -> 0
M49: =SUM(O49,Q49,S49) -> 0
M50: =SUM(O50,Q50,S50) -> 0
M51: =SUM(O51,Q51,S51) -> 0
M52: =SUM(O52,Q52,S52) -> 0
A53: Усього | E53: =SUM(E46:E52) -> 0 | G53: =SUM(G46:G52) -> 0 | I53: =SUM(I46:I52) -> 0 | K53: =SUM(K46:K52) -> 0 | M53: =SUM(M46:M52) -> 0 | O53: =SUM(O46:O52) -> 0 | Q53: =SUM(Q46:Q52) -> 0 | S53: =SUM(S46:S52) -> 0
B57: Керівник Директор | L57: ____________________________________________ | V57: В.М.Михайлищук____
C58: (посада) | N58: (підпис) | V58: (ініціали, прізвище)
